 Dungeon Crawl Stone Soup version 0.27.1-1-g398f81649c (webtiles) character file.

Game seed: 5338348070192056747

42137 funkygono the Thaumaturge (level 14, 0/72 HPs)
             Began as a Gargoyle Fire Elementalist on Sept 7, 2021.
             Was a High Priest of Vehumet.
             Slain by a hellwing (4 damage)
             ... while paralysed by an orc sorcerer
             ... on level 2 of the Orcish Mines.
             The game lasted 01:03:05 (23175 turns).

funkygono the Thaumaturge (GrFE)                   Turns: 23175, Time: 01:03:05

Health: 0/72       AC: 26    Str: 17    XL:     14   Next: 18%
Magic:  27/30      EV:  2    Int: 29    God:    Vehumet [*****.]
Gold:   1479       SH:  0    Dex: 10    Spells: 13/38 levels left

rFire    + . .     SeeInvis .   k - +3 flail (protect)
rCold    + . .     Faith    .   G - +2 buckler {rC+ rF+}
rNeg     + . .     Spirit   .   q - +2 acid dragon scales
rPois    ∞         Reflect  .   (no helmet)
rElec    +         Harm     .   i - +2 cloak
rCorr    +         Rampage  .   c - +2 pair of gloves
Will     +....                  D - +1 pair of boots
Stlth    +.........             I - amulet "Cexisoinn" {Acrobat Str+4 Int+3}
HPRegen  0.22/turn              o - ring of wizardry
MPRegen  0.22/turn              x - +6 ring of intelligence

@: paralysed, flying
A: sickness immunity, AC +10, big wings, negative energy resistance 1,
electricity resistance, torment resistance 1, petrification resistance
a: Renounce Religion


You were on level 2 of the Orcish Mines.
You worshipped Vehumet.
Vehumet was extremely pleased with you.
You visited 4 branches of the dungeon, and saw 18 of its levels.
You also visited: Bailey.

You collected 1815 gold pieces.
You spent 336 gold pieces at shops.

Inventory:

Hand Weapons
 k - a +3 flail of protection (weapon)
 w - a +2 whip of venom
 E - a +3 mace of draining
Missiles
 h - 361 stones
 l - 4 throwing nets (quivered)
Armour
 c - a +2 pair of gloves (worn)
 i - a +2 cloak (worn)
 q - +2 acid dragon scales (worn)
 v - +4 steam dragon scales
 D - a +1 pair of boots (worn)
 G - a +2 buckler of resistance (worn)
 H - a +2 scale mail of fire resistance
 K - a +1 robe of cold resistance
 O - the +2 robe of True Grit {Rampage Slay-3 Archmagi}
   (You found it on level 5 of the Lair of Beasts)

   Slay:      It affects your accuracy & damage with ranged weapons and melee
   (-3).
   Rampage:   It bestows one free step when moving towards enemies.
   Archmagi:  It increases the power of your magical spells.
 P - a +0 troll leather armour
Magical Staves
 n - a staff of earth
Jewellery
 g - a ring of resist corrosion
 j - an amulet of regeneration
 o - a ring of wizardry (left hand)
 x - a +6 ring of intelligence (right hand)
 I - the amulet "Cexisoinn" (around neck) {Acrobat Str+4 Int+3}
   (You found it on level 4 of the Lair of Beasts)

   [amulet of the acrobat]

   It increases your evasion while moving and waiting.
   Str:       It affects your strength (+4).
   Int:       It affects your intelligence (+3).
 M - a ring of protection from fire
 N - an amulet of reflection
Wands
 m - a wand of mindburst (19)
 t - a wand of charming (11)
 y - a wand of digging (17)
 z - a wand of acid (26)
 A - a wand of paralysis (9)
 L - a wand of iceblast (17)
Scrolls
 a - a scroll of holy word
 b - 4 scrolls of fog
 d - 7 scrolls of teleportation
 u - 2 scrolls of identify
 J - a scroll of blinking
Potions
 e - 3 potions of might
 f - 9 potions of brilliance
 p - a potion of resistance
 r - 2 potions of heal wounds
 s - a potion of mutation
 B - a potion of magic
 C - 3 potions of haste
Miscellaneous
 F - a piece from Xom's chessboard (15/15)


   Skills:
 + Level 2.5 Fighting
 + Level 3.5 Maces & Flails
 + Level 0.7 Armour
 + Level 4.5 Dodging
 - Level 2.1 Stealth
 * Level 7.6 Shields
 * Level 12.6 Spellcasting
 * Level 11.9 Conjurations
 * Level 12.2 Fire Magic
 * Level 7.7 Earth Magic


You had 13 spell levels left.
You knew the following spells:

 Your Spells              Type           Power      Damage    Failure   Level
a - Foxfire               Conj/Fire      100%       2x1d9     1%          1
b - Conjure Flame         Conj/Fire      73%        6-21      1%          3
c - Sticky Flame          Conj/Fire      73%        2d9       1%          4
d - Fireball              Conj/Fire      36%        3d15      1%          5
e - Ignite Poison         Fire/Tmut/Pois 42%        N/A       1%          3
f - Sandblast             Erth           100%       2d20      1%          1
g - Frozen Ramparts       Ice            36%        1d5       1%          3
h - Lee's Rapid Deconstr  Erth           29%        3d16*     1%          5

Your spell library contained the following spells:

 Spells                   Type           Power      Damage    Failure   Level
 Ozocubu's Refrigeration  Ice            9%         4d6       92%         7
 Magic Dart               Conj           100%       1d8       1%          1
 Passwall                 Tmut/Erth      33%        N/A       1%          2
 Searing Ray              Conj           100%       3d7       1%          2
 Inner Flame              Hex/Fire       52%        N/A       1%          3
 Fulminant Prism          Conj/Hex       26%        3d14      1%          4
 Slow                     Hex            18%        N/A       2%          2
 Confusing Touch          Hex            18%        N/A       4%          3
 Yara's Violent Unravell  Hex/Tmut       9%         3d6       12%         5


Dungeon Overview and Level Annotations

Branches:
Dungeon (10/15)            Temple (1/1) D:4            Lair (5/6) D:8
 Shoals (0/4) Lair:2        Snake (0/4) Lair:3        Slime (0/5) Lair:5
    Orc (2/2) D:10         Bailey (visited)
    Elf: Orc:2

Altars:
Ashenzari
Cheibriados
Dithmenos
Elyvilon
Fedhas
Gozag
Hepliaklqana
Kikubaaqudgha
Makhleb
Nemelex Xobeh
Okawaru
Qazlal
Ru
Sif Muna
Trog
Uskayaw
Vehumet
Wu Jian
Xom
Yredelemnul
Zin
The Shining One

Shops:
D:2 *   D:4 !(?[   Orc:2 *?[!(


Innate Abilities, Weirdness & Mutations

You are immune to sickness and miasma.
Your stone body is resilient. (AC +10)
You are immune to poison.
Your large and strong wings let you fly.
You resist negative energy. (rN+)
You are resistant to electric shocks. (rElec)
You are resistant to unholy torment.
You are immune to petrification.


Message History

The orc sorcerer burns!
The hellwing completely misses you. You block the hellwing's attack.
The orc knight roars a battlecry!
The orc sorcerer goes into a battle-frenzy!
The orc sorcerer burns!
The orc sorcerer points at you and mumbles some strange words.
The bolt of fire misses you. You block the sun demon's attack.
The orc sorcerer burns!
The orc sorcerer burns!
The orc sorcerer stops burning.
The orc sorcerer casts a spell at you.
You suddenly lose the ability to move!
The hellwing hits you but does no damage. x2
The sun demon hits you but does no damage. x2
The hellwing hits you but does no damage. x2
The sun demon hits you!
You are engulfed in flames.
You resist.
The hellwing hits you but does no damage. x2
The orc sorcerer barely misses you. The sun demon hits you.
You are engulfed in flames.
You resist. The hellwing hits you.
The hellwing hits you but does no damage.
The orc sorcerer points at you and mumbles some strange words.
You resist with some effort.
The sun demon hits you but does no damage.
The hellwing hits you but does no damage. x2
The orc sorcerer hits you but does no damage.
The sun demon hits you!
You are engulfed in flames.
You resist. The hellwing hits you.
* * * LOW HITPOINT WARNING * * *
The hellwing hits you.
* * * LOW HITPOINT WARNING * * *
The sun demon hits you.
* * * LOW HITPOINT WARNING * * *
You are engulfed in flames.
You resist.
* * * LOW HITPOINT WARNING * * *
The orc sorcerer hits you with a +0 dagger.
* * * LOW HITPOINT WARNING * * *
The orc knight hits you with a +0 great mace.
* * * LOW HITPOINT WARNING * * *
The sun demon hits you but does no damage.
The hellwing hits you.
You die...

....###.#.## ##.### .....###...##
#.. ##)..#. ......###...## ##...
##).)... .†.##..###...##
##...###.)##... ...###..###...##
##...###.)###.).
....###..###...###...###))#####..
.....###..##....#....##))###.....
......###..#.#.3...#.#..###.....#
.......###)....4@o..).)## ##..###
........###...#o#.#...## ####
.........###.........## ## ###
..........###..#.#..## ##.##..
..........####.....## #......
............###∩.∩## ##..#..
....).......# ##.## ##......
...§.§.....#. ### #.......
...))......# ##......


You could see an orc knight, a sun demon, a hellwing and an orc sorcerer
(strong).

Vanquished Creatures
  5 hydras
  Erica (D:8)
  9 death yaks
  A sun demon (Orc:2)
  A sixfirhy (Orc:1)
  2 orc knights (Orc:2)
  6 oklob plants
  An orc sorcerer (Orc:2)
  3 black mambas
  4 elephants
  Maggie (Lair:2)
  9 cane toads
  2 komodo dragons
  A red devil (Orc:2)
  A polar bear (Lair:4)
  4 trolls
  Grinder (D:3)
  Prince Ribbit (D:9)
  4 dream sheep (Lair:4)
  A wraith (D:6)
  3 wyverns
  3 shadows
  54 yaks
  2 basilisks
  5 steam dragons
  A warg (Orc:1)
  10 water moccasins
  4 black bears
  20 orc warriors
  An ice beast (D:7)
  7 ogres
  3 centaurs
  6 wolves (Lair:5)
  A phantom (D:10)
  9 gnoll sergeants
  4 kobold brigands
  4 scorpions
  13 bullfrogs
  2 troll zombies (D:10)
  9 wights
  3 howler monkeys
  A bullfrog zombie (D:6)
  4 hounds
  12 jellies
  Crazy Yiuf (D:4)
  9 gnoll shamans
  20 orc priests
  2 bullfrog skeletons (D:5)
  5 iguanas
  23 orc wizards
  4 ogre zombies (D:10)
  A howler monkey zombie (D:5)
  25 gnolls
  7 adders
  A shadow imp (D:6)
  2 white imps
  2 ufetubi
  An adder skeleton (D:5)
  2 worms
  5 dart slugs
  56 orcs
  6 bats
  25 endoplasms
  2 giant cockroaches
  14 goblins
  8 hobgoblins
  26 kobolds
  6 quokkas
  7 ball pythons
  A frilled lizard (D:2)
  4 goblin skeletons (D:10)
  2 goblin zombies (D:10)
  2 hobgoblin skeletons (D:10)
  A hobgoblin zombie (D:10)
  An orc skeleton (D:10)
  9 orc zombies (D:10)
  5 rats
  A bush (Lair:1)
525 creatures vanquished.

Vanquished Creatures (collateral kills)
  16 foxfires
16 creatures vanquished.

Vanquished Creatures (others)
  1956 foxfires
  67 fungi
  133 plants
2156 creatures vanquished.

Grand Total: 2697 creatures vanquished

Notes
Turn   | Place    | Note
-------+----------+-------------------------------------------
     0 | D:1      | funkygono the Gargoyle Fire Elementalist began the quest
                  | for the Orb.
     0 | D:1      | Reached XP level 1. HP: 10/10 MP: 3/3
   108 | D:1      | Reached XP level 2. HP: 13/15 MP: 0/5
   877 | D:2      | Reached XP level 3. HP: 19/19 MP: 3/6
   881 | D:2      | Learned a level 3 spell: Conjure Flame
   948 | D:2      | Found Vyxoy's General Store.
  1505 | D:3      | Found a broken altar of Ashenzari.
  1690 | D:3      | Reached XP level 4. HP: 22/24 MP: 4/7
  1761 | D:3      | Noticed Grinder
  1805 | D:3      | Paralysed by Grinder for 6 turns
  1894 | D:3      | Killed Grinder
  1895 | D:3      | Reached XP level 5. HP: 28/28 MP: 0/10
  1895 | D:3      | Reached XP level 6. HP: 32/32 MP: 0/11
  1900 | D:3      | Learned a level 4 spell: Sticky Flame
  2166 | D:3      | Found a bloodstained altar of Trog.
  2167 | D:3      | Found a hide-covered altar of Uskayaw.
  2211 | D:3      | Found a faded altar of an unknown god.
  2481 | D:4      | Found Befiwneyrph's Antique Armour Emporium.
  2583 | D:4      | Bought a pair of gloves for 126 gold pieces
  2613 | D:4      | Found Adaunn's Magic Scroll Shoppe.
  2632 | D:4      | Reached skill level 5 in Fire Magic
  2759 | D:4      | Reached XP level 7. HP: 36/36 MP: 6/13
  2813 | D:4      | Found a staircase to the Ecumenical Temple.
  2946 | Temple   | Entered the Ecumenical Temple
  3018 | D:4      | Learned a level 5 spell: Fireball
  3141 | D:4      | Found Osiw's Distillery.
  3154 | D:4      | Identified the +11 dagger "Grim Tooth" {vamp, Dex+4}
  3183 | D:4      | Identified the +11 spear of Qoacuamm {venom, Drain rC++
                  | rCorr Int+3}
  3200 | D:4      | Found Xoewk's Weapon Boutique.
  3320 | D:4      | Found a runed translucent door.
  3321 | D:4      | Noticed Crazy Yiuf
  3332 | D:4      | Killed Crazy Yiuf
  3464 | D:5      | Entered Level 5 of the Dungeon
  3768 | D:5      | Reached skill level 5 in Spellcasting
  3920 | D:5      | Noticed a steam dragon
  3925 | D:5      | Noticed a steam dragon
  4063 | D:5      | Found a white marble altar of Elyvilon.
  4179 | D:5      | Learned a level 3 spell: Ignite Poison
  4198 | D:5      | Noticed a yak
  4200 | D:5      | Noticed a yak
  4205 | D:5      | Noticed a yak
  4213 | D:5      | Killed a yak
  4214 | D:5      | Reached skill level 5 in Conjurations
  4214 | D:5      | Reached XP level 8. HP: 41/42 MP: 12/15
  4217 | D:5      | Noticed a yak
  4258 | D:5      | Killed a yak
  4313 | D:4      | Killed a yak
  4355 | D:5      | Killed a yak
  4356 | D:5      | Reached skill level 1 in Fighting
  4464 | D:5      | Reached skill level 1 in Maces & Flails
  4608 | D:5      | Reached XP level 9. HP: 45/47 MP: 16/18
  6177 | D:6      | Found a sparkling altar of Nemelex Xobeh.
  7118 | D:7      | Reached XP level 10. HP: 28/53 MP: 13/21
  8012 | D:8      | Noticed Erica
  8546 | D:8      | Found a radiant altar of Vehumet.
  8554 | D:8      | Became a worshipper of Vehumet
  8644 | D:8      | Killed Erica
  8792 | D:8      | Found a staircase to the Lair.
  8997 | D:8      | Found an iron altar of Okawaru.
  9146 | D:4      | Bought a shiny buckler for 210 gold pieces
  9358 | Lair:1   | Entered Level 1 of the Lair of Beasts
  9404 | Lair:1   | Reached XP level 11. HP: 57/57 MP: 12/23
  9642 | Lair:1   | Reached skill level 1 in Shields
  9682 | Lair:1   | Noticed a death yak
  9682 | Lair:1   | Noticed a death yak
  9682 | Lair:1   | Noticed a death yak
  9686 | Lair:1   | Noticed a death yak
  9841 | D:8      | Killed a death yak
  9844 | D:8      | Killed a death yak
  9845 | D:8      | Reached skill level 10 in Fire Magic
  9856 | D:8      | Killed a death yak
  9985 | Lair:1   | Killed a death yak
 10229 | Lair:1   | Reached * piety under Vehumet
 10229 | Lair:1   | Offered knowledge of Sandblast by Vehumet.
 10234 | Lair:1   | Learned a level 1 spell: Sandblast
 10505 | Lair:1   | Noticed an oklob plant
 10763 | Lair:1   | Reached skill level 1 in Earth Magic
 10923 | Lair:1   | Noticed a seven-headed hydra
 10940 | Lair:1   | Killed a seven-headed hydra
 10941 | Lair:1   | Reached skill level 10 in Conjurations
 11060 | Lair:1   | Reached skill level 10 in Spellcasting
 11344 | Lair:1   | Killed an oklob plant
 11446 | Lair:1   | Found a blossoming altar of Fedhas.
 11452 | Lair:1   | Reached XP level 12. HP: 62/62 MP: 20/26
 11810 | Lair:1   | Reached ** piety under Vehumet
 11815 | Lair:1   | Offered knowledge of Static Discharge by Vehumet.
 11998 | Lair:2   | Noticed Maggie
 12016 | Lair:2   | Killed Maggie
 12402 | Lair:2   | Found a staircase to the Shoals.
 12982 | Lair:3   | Found a staircase to the Snake Pit.
 13077 | Lair:3   | Noticed a seven-headed hydra
 13098 | Lair:3   | Killed a seven-headed hydra
 14284 | Lair:3   | Reached skill level 5 in Shields
 14337 | Lair:3   | Offered knowledge of Frozen Ramparts by Vehumet.
 14342 | Lair:3   | Reached skill level 5 in Earth Magic
 14670 | Lair:4   | Noticed a death yak
 14670 | Lair:4   | Noticed a death yak
 14697 | Lair:4   | Killed a death yak
 14697 | Lair:4   | Reached *** piety under Vehumet
 14697 | Lair:4   | Noticed a death yak
 14701 | Lair:4   | Noticed a death yak
 14711 | Lair:4   | Noticed a death yak
 14718 | Lair:4   | Killed a death yak
 14719 | Lair:4   | Reached XP level 13. HP: 67/67 MP: 14/28
 15491 | Lair:4   | Identified the amulet "Cexisoinn" {Acrobat Str+4 Int+3}
 15611 | Lair:4   | Learned a level 3 spell: Frozen Ramparts
 15702 | Lair:4   | Offered knowledge of Dazzling Flash by Vehumet.
 16300 | Lair:5   | Found a staircase to the Slime Pits.
 17128 | Lair:5   | Reached **** piety under Vehumet
 17342 | Lair:5   | Identified the +2 robe of True Grit {Rampage Slay-3
                  | Archmagi}
 18047 | D:9      | Learned a level 5 spell: Lee's Rapid Deconstruction
 18535 | D:9      | Noticed Prince Ribbit
 18539 | D:9      | Killed Prince Ribbit
 18897 | D:10     | Entered Level 10 of the Dungeon
 18960 | D:10     | Offered knowledge of Iskenderun's Battlesphere by Vehumet.
 19092 | D:10     | Found a staircase to the Orcish Mines.
 19262 | D:10     | Found a flagged portal.
 19310 | Bailey   | Entered a bailey
 19325 | Bailey   | Reached ***** piety under Vehumet
 19453 | Bailey   | Offered knowledge of Ozocubu's Refrigeration by Vehumet.
 20321 | D:10     | Found a snail-covered altar of Cheibriados.
 20324 | D:10     | Found a blossoming altar of Fedhas.
 20324 | D:10     | Found a shimmering blue altar of Sif Muna.
 20324 | D:10     | Found a glowing silver altar of Zin.
 20982 | Orc:1    | Entered Level 1 of the Orcish Mines
 21494 | Orc:2    | Entered Level 2 of the Orcish Mines
 21494 | Orc:2    | Found Lielanne's Antique Weapon Emporium.
 21540 | Orc:2    | Found Emnea's Antique Armour Emporium.
 21668 | Orc:2    | Gained mutation: Your large and strong wings let you fly.
                  | [Gargoyle growth]
 21668 | Orc:2    | Reached XP level 14. HP: 50/72 MP: 15/30
 22358 | Orc:2    | Found Ymainu's Distillery.
 22654 | Orc:2    | Found Ikkati's Magic Scroll Boutique.
 22698 | Orc:2    | Found Qofyti's General Store.
 23169 | Orc:2    | Paralysed by an orc sorcerer for 7 turns
 23175 | Orc:2    | Slain by a hellwing

Illustrated notes

Levels and vault maps discovered:
D:1:      heliophobic_arrival_battle_scene, layout_basic
D:2:      layout_basic, serial_shops, nicolae_diamond_shop
D:3:      layout_rooms, mainiacjoe_overflow_boulevard,
          gammafunk_temple_overflow_statue,
          shapermc_ecumenical_altar_mp_vishouse, uniq_grinder
D:4:      layout_cave_pools, minmay_temple_entry_large_hall, serial_shops,
          shop_fountains, nicolae_diamond_shop, shop, nicolae_shop_trees,
          uniq_crazy_yiuf_cottage
D:5:      kennysheep_steamy, layout_loops_ring, mainiacjoe_overflow_alcove_4,
          minmay_fractal_squares_5
D:6:      layout_gridville, lemuel_tele_altar, grunt_ministairs_12
D:7:      layout_loops_ring
D:8:      layout_layer_cave, okawaru_trees_1, vehumet_crystals,
          lair_entry_dummy, uniq_erica
D:9:      layout_stronghold, uniq_prince_ribbit1
D:10:     layout_roguey, grunt_temple_overflow_open, zombieorc1_lemuel,
          enter_bailey_3, grunt_decor_arrowhead
Temple:   minmay_freezing_vapour_temple
Lair:1:   lemuel_slime, layout_chaotic_city, tgw_fedhas, serial_bayou_shore_a,
          grunt_megastairs_5, lemuel_fruit_tree
Lair:2:   layout_loops_ring, shoals_dummy_entry, serial_bayou_pond_c,
          uniq_maggie
Lair:3:   layout_chaotic_city, dummy_snake_entry, serial_bayou_crossing
Lair:4:   layout_regular_city, infiniplex_staircase_pool
Lair:5:   layout_cave_pods, nicolae_slime_entry_slimehenge,
          serial_bayou_shore_b, minmay_lair_oklob_chamber
Orc:1:    layout_caves
Orc:2:    pf_orc_diabolical, layout_caves, serial_shops,
          nicolae_shop_overgrown_old_shop, shop, shop, nicolae_shop_waterfront,
          nicolae_shop_waterfront

Skill      XL: |  1  2  3  4  5  6  7  8  9 10 11 12 13 |
---------------+----------------------------------------+-----
Fire Magic     | 4 5 6 8 9 10 11 12 | 12.2
Conjurations   | 3 4 5 6 7 9 10 11 | 11.9
Spellcasting   | 3 4 5 6 7 8 10 11 12 | 12.6
Dodging        | 2 3 4 |  4.5
Fighting       | 1 2 |  2.5
Maces & Flails | 1 2 3 |  3.5
Shields        | 3 5 7 |  7.6
Earth Magic    | 2 5 7 |  7.7
Armour         | |  0.7
Stealth        | |  2.1

Action                   |  1- 3 |  4- 6 |  7- 9 | 10-12 | 13-15 || total
-------------------------+-------+-------+-------+-------+-------++-------
Melee: Club              |       |     1 |       |       |       ||     1
       Whip              |       |       |    51 |       |       ||    51
       Flail             |       |       |    19 |   135 |    51 ||   205
Throw: Throwing net      |       |       |       |       |     1 ||     1
 Cast: Foxfire           |    71 |    65 |   307 |   328 |   396 ||  1167
       Sticky Flame      |       |       |     3 |    60 |    46 ||   109
       Fireball          |       |       |     1 |    31 |    50 ||    82
       Conjure Flame     |       |       |       |     1 |     1 ||     2
       Sandblast         |       |       |       |    84 |   124 ||   208
  Use: Scroll            |       |    11 |     7 |    12 |     4 ||    34
       Potion            |       |       |       |     3 |     1 ||     4
 Stab: Sleeping          |       |       |     1 |       |       ||     1
       Held in net/web   |       |       |       |       |     1 ||     1
Armor: Robe              |     6 |    20 |    93 |     3 |       ||   122
       Steam dragon scal |       |       |       |   135 |    58 ||   193
       Acid dragon scale |       |       |       |       |    91 ||    91
Dodge: Dodged            |     9 |    16 |   122 |   120 |   144 ||   411
Block: Buckler           |       |       |       |    25 |    97 ||   122
